 Dungeon Crawl Stone Soup version 0.17.0-55-g1383181 (webtiles) character file.

77 Tanksenior the Chopper (level 4, 38/38 HPs)
             Began as a Minotaur Gladiator on Dec 3, 2015.
             Was a Follower of Kikubaaqudgha.
             Got out of the dungeon alive.
             The game lasted 00:05:18 (1189 turns).

Tanksenior the Chopper (Minotaur Gladiator)         Turns: 1189, Time: 00:05:18

Health: 38/38      AC: 12    Str: 19    XL:     4   Next: 14%
Magic:  3/3        EV:  6    Int:  5    God:    Kikubaaqudgha [*.....]
Gold:   35         SH:  3    Dex: 12    Spells: 0 memorised, 3 levels left

rFire  . . .     SeeInvis .     a - +0 war axe
rCold  . . .     Clarity  .     q - +0 plate armour
rNeg   . . .     SustAt   .     h - +0 buckler
rPois  .         Gourm    .     c - +0 hat
rElec  .         Spirit   .     p - +0 cloak
rCorr  .         Warding  .     (no gloves)
rMut   .         Stasis   .     (no boots)
MR     .....                    (no amulet)
Stlth  ..........               (no ring)
                                (no ring)

@: not resistant to hostile enchantments, extremely unstealthy
A: retaliatory headbutt, horns 2
a: Receive Corpses, Renounce Religion


You escaped.
You worshipped Kikubaaqudgha.
Kikubaaqudgha was aware of your devotion.
You were not hungry.

You visited 1 branch of the dungeon, and saw 2 of its levels.

You collected 35 gold pieces.

Inventory:

Hand Weapons
 a - a +0 war axe (weapon)
Missiles
 d - 3 throwing nets (quivered)
Armour
 b - a +0 leather armour
 c - a +0 hat (worn)
 h - a +0 buckler (worn)
 p - a +0 cloak (worn)
 q - a +0 plate armour (worn)
Scrolls
 m - 2 scrolls of identify {unknown}
 n - a scroll of remove curse {unknown}
 o - a scroll of amnesia {unknown}
 t - a scroll of enchant armour {unknown}
Potions
 f - a potion of ambrosia {unknown}
 g - a potion of haste {unknown}
 j - a potion of curing
 k - 2 potions of might {unknown}
 l - a potion of magic {unknown}
 r - a potion of agility {unknown}
Books
 u - Kikubaaqudgha's Incunabulum of Evil Secrets
   (Kikubaaqudgha gifted it to you on level 2 of the Dungeon)

   Spells                             Type                      Level
   a - Pain                           Necromancy                   1
   b - Corpse Rot                     Necromancy                   2
   c - Sublimation of Blood           Necromancy                   2
   d - Regeneration                   Charms/Necromancy            3
   e - Control Undead                 Necromancy                   4
Comestibles
 e - 3 bread rations
 i - a beef jerky
 s - 3 chunks of flesh
 v - a meat ration


   Skills:
 * Level 3.1 Fighting
 + Level 4.3 Axes
 - Level 2.0 Throwing
 * Level 2.1 Armour
 + Level 3.9 Dodging
 * Level 0.8 Shields


You had 3 spell levels left.
You didn't know any spells.

Dungeon Overview and Level Annotations

Branches:
Dungeon (2/15)

Altars:
Kikubaaqudgha

Annotations:
D:2 Sigmund


Innate Abilities, Weirdness & Mutations

You reflexively headbutt those who attack you in melee.
You have a pair of horns on your head.


Message History

There is a stone staircase leading up, spattered with blood here.
You climb upwards.
There is a stone staircase leading down here.
There is an open door here.
You open the door.
There is an open door here.
You open the door.
There is an open door here.
There is an open door here.
Press: ? - help, . - travel You can't see that place. [a staircase leading out of the dungeon.] Some of the chunks of flesh in your inventory have rotted away.
You open the door.
There is an open door here.
There is a large open door here.
There is a large open door here.
There is a staircase leading out of the dungeon here.
Are you sure you want to leave the Dungeon?
This will make you lose the game!
You have escaped!

##.............#####...........'.
.....#######.......###...#...###.
..###.......###......##..#...###.
##.............###....#..'...'.'.
.....#######......#...##.#...#.#.
...### ###.....#...#.#...#.#.
..## ##....#...#.#...#.#. ..##
##....#...#.#...#.#. ...###
###..@..#...#.#..)#.##
.....#######......#...##.#.......
##.....[.......###....#..#.###'##
..###.......###......##..#.#....#
.....#######.......####..#.#....#
##.............##### ##.#.#....#
.#######.####### ##### #.#.#....#
'### #.#########...# #...#....#
...# #.........#...# #...#....#


There were no monsters in sight!

Vanquished Creatures
  Terence (D:2)
  2 adders
  2 worms (D:2)
  3 giant cockroaches
  4 hobgoblins
  4 jackals
  2 kobolds
  3 bats (D:2)
  A giant gecko (D:2)
  2 giant newts
  3 goblins (D:1)
  4 rats
31 creatures vanquished.

Notes
Turn   | Place    | Note
--------------------------------------------------------------
     0 | D:1      | Tanksenior the Minotaur Gladiator began the quest for the Orb.
     0 | D:1      | Reached XP level 1. HP: 18/18 MP: 0/0
   219 | D:1      | Reached XP level 2. HP: 20/25 MP: 1/1
   660 | D:2      | Noticed Terence
   661 | D:2      | Noticed Sigmund
   667 | D:1      | Reached skill level 4 in Axes
   688 | D:2      | Killed Terence
   688 | D:2      | Reached skill level 1 in Armour
   688 | D:2      | Reached XP level 3. HP: 21/31 MP: 2/2
   917 | D:2      | Reached XP level 4. HP: 38/38 MP: 3/3
  1028 | D:2      | Found a faded altar to an unknown god.
  1041 | D:2      | Became a worshipper of Kikubaaqudgha
  1041 | D:2      | Reached * piety under Kikubaaqudgha
  1041 | D:2      | Received a gift from Kikubaaqudgha
  1041 | D:2      | Identified Kikubaaqudgha's Incunabulum of Evil Secrets (Kikubaaqudgha gifted it to you on level 2 of the Dungeon)
  1189 | D:$      | Got out of the dungeon alive.

Action                   |  1- 3 |  4- 6 || total
-------------------------+-------+-------++-------
Melee: War axe           |    65 |    11 ||    76
  Eat: Chunk             |       |     1 ||     1
